[ AOE2 MATCH · #477693874 ]
1v1 RMJapanese vs Italians
Player's team · WIN
Rival team · LOSS
[ REPLAY ANALYSIS · EXTRACTED FROM THE RECORDED GAME ]
Feudal
13:31
Castle
34:47
Imperial
—
| APM avg | 25.3 |
| APM peak | 66 |
| eAPM avg | 13.3 |
| Villagers / military | 57 / 107 |
Focus
⚔️ 35.0% · 🌾 65.0%
Archer ×34 · Militia ×31 · Spearman ×27 · Battering Ram ×5 · Skirmisher ×4 · Scout Cavalry ×4
Feudal
12:09
Castle
38:42
Imperial
—
| APM avg | 17.0 |
| APM peak | 36 |
| eAPM avg | 8.1 |
| Villagers / military | 46 / 97 |
Focus
⚔️ 44.8% · 🌾 55.2%
Militia ×52 · Knight ×26 · Scout Cavalry ×19
Match map
Initial resources + every placement click. Lines = walls · curves = elevation contours. ◆ gold · ⬟ stone · ● berries · ✦ relic · ◌ wall gap
Your base· Open — 4t gap
tall_eric's base· Open — unwalled flank
Smoothed initial terrain · ◌ = detected wall gap · hover for details
Inputs per minute
— Invisible Beard - - tall_eric
Build order — Invisible Beard
First 150 of 254 actions detected
| 0:11 | Build | House |
| 0:13 | Create | Villager (Male) |
| 0:13 | Create | Villager (Male) |
| 0:14 | Create | Villager (Male) |
| 1:31 | Create | Villager (Male) |
| 1:31 | Create | Villager (Male) |
| 1:41 | Build | House |
| 1:58 | Create | Villager (Male) |
| 2:24 | Build | House |
| 2:46 | Research | Loom |
| 2:51 | Create | Villager (Male) |
| 2:51 | Create | Villager (Male) |
| 3:13 | Create | Villager (Male) |
| 3:46 | Create | Villager (Male) |
| 3:47 | Create | Villager (Male) |
| 4:30 | Build | Mill |
| 4:36 | Create | Villager (Male) |
| 5:05 | Create | Villager (Male) |
| 5:06 | Create | Villager (Male) |
| 5:57 | Create | Villager (Male) |
| 5:57 | Create | Villager (Male) |
| 6:06 | Build | House |
| 6:23 | Create | Villager (Male) |
| 6:23 | Create | Villager (Male) |
| 6:59 | Create | Villager (Male) |
| 6:59 | Create | Villager (Male) |
| 8:27 | Create | Villager (Male) |
| 8:27 | Create | Villager (Male) |
| 9:34 | Create | Villager (Male) |
| 9:34 | Create | Villager (Male) |
| 9:35 | Create | Villager (Male) |
| 9:43 | Build | House |
| 10:17 | Build | Barracks |
| 11:11 | Research | Feudal Age |
| 11:35 | Build | Mill |
| 12:03 | Build | Barracks |
| 12:31 | Build | Lumber Camp |
| 12:56 | Build | Mining Camp |
| 13:08 | Build | House |
| 13:09 | Build | House |
| 13:31 | Age | Feudal Age |
| 13:43 | Build | Lumber Camp |
| 13:50 | Research | Man-at-Arms (upgrade) |
| 13:53 | Research | Arson |
| 13:58 | Create | Militia |
| 13:58 | Create | Militia |
| 13:58 | Create | Militia |
| 13:59 | Create | Militia |
| 14:06 | Research | Gold Mining |
| 14:36 | Research | Loom |
| 14:42 | Create | Militia |
| 14:42 | Create | Militia |
| 14:42 | Create | Militia |
| 15:11 | Create | Militia |
| 15:25 | Build | House |
| 15:27 | Build | House |
| 16:55 | Build | Farm |
| 16:56 | Build | Farm |
| 16:57 | Build | Farm |
| 17:00 | Build | Farm |
| 17:02 | Build | Farm |
| 17:04 | Build | Farm |
| 17:06 | Build | Farm |
| 17:08 | Build | Farm |
| 17:11 | Build | Farm |
| 17:13 | Build | Farm |
| 17:24 | Research | Horse Collar |
| 17:28 | Research | Double-Bit Axe |
| 17:46 | Create | Militia |
| 17:46 | Create | Militia |
| 17:47 | Create | Militia |
| 19:07 | Create | Militia |
| 19:08 | Create | Militia |
| 19:08 | Create | Militia |
| 19:08 | Create | Militia |
| 19:18 | Create | Villager (Male) |
| 19:35 | Build | Farm |
| 19:35 | Build | Farm |
| 19:46 | Build | Blacksmith |
| 20:43 | Create | Spearman |
| 20:44 | Create | Spearman |
| 20:45 | Create | Militia |
| 20:45 | Create | Militia |
| 20:45 | Create | Militia |
| 21:16 | Create | Militia |
| 21:16 | Create | Militia |
| 21:40 | Build | House |
| 21:44 | Build | House |
| 21:50 | Build | Watch Tower |
| 21:54 | Build | House |
| 22:05 | Research | Forging |
| 22:16 | Research | Scale Mail Armor |
| 22:43 | Create | Militia |
| 22:43 | Create | Militia |
| 23:03 | Create | Militia |
| 23:37 | Build | Archery Range |
| 23:38 | Build | Archery Range |
| 23:41 | Build | Archery Range |
| 24:25 | Build | Stable |
| 24:31 | Build | Farm |
| 24:42 | Build | Archery Range |
| 24:44 | Build | Archery Range |
| 24:45 | Build | Archery Range |
| 25:04 | Create | Spearman |
| 25:04 | Create | Spearman |
| 25:06 | Create | Militia |
| 25:06 | Create | Militia |
| 25:19 | Research | Fletching |
| 25:37 | Build | Farm |
| 25:41 | Build | Farm |
| 25:48 | Create | Scout Cavalry |
| 26:01 | Research | Padded Archer Armor |
| 26:22 | Create | Archer |
| 26:22 | Create | Archer |
| 26:22 | Create | Archer |
| 26:22 | Create | Archer |
| 26:23 | Create | Archer |
| 26:36 | Create | Archer |
| 26:36 | Create | Archer |
| 26:36 | Create | Archer |
| 26:37 | Create | Archer |
| 26:58 | Create | Villager (Male) |
| 26:58 | Create | Villager (Male) |
| 26:59 | Create | Villager (Male) |
| 27:11 | Create | Villager (Male) |
| 27:34 | Create | Archer |
| 27:34 | Create | Archer |
| 27:34 | Create | Archer |
| 27:34 | Create | Archer |
| 27:56 | Build | Lumber Camp |
| 28:48 | Build | House |
| 28:49 | Build | House |
| 28:51 | Build | House |
| 29:06 | Create | Skirmisher |
| 29:07 | Create | Skirmisher |
| 29:07 | Create | Skirmisher |
| 29:07 | Create | Skirmisher |
| 29:48 | Create | Archer |
| 29:49 | Create | Archer |
| 29:49 | Create | Archer |
| 29:49 | Create | Archer |
| 29:50 | Create | Archer |
| 31:20 | Build | Barracks |
| 31:22 | Build | Barracks |
| 31:42 | Create | Villager (Male) |
| 31:42 | Create | Villager (Male) |
| 31:42 | Create | Villager (Male) |
| 31:46 | Research | Castle Age |
| 32:07 | Create | Archer |
| 32:07 | Create | Archer |
Build order — tall_eric
First 150 of 208 actions detected
| 0:05 | Build | House |
| 0:07 | Build | House |
| 0:09 | Research | Loom |
| 0:10 | Create | Villager (Male) |
| 0:10 | Create | Villager (Male) |
| 0:10 | Create | Villager (Male) |
| 0:11 | Create | Villager (Male) |
| 0:11 | Create | Villager (Male) |
| 1:58 | Create | Villager (Male) |
| 2:35 | Create | Villager (Male) |
| 2:59 | Create | Villager (Male) |
| 3:27 | Create | Villager (Male) |
| 4:02 | Build | House |
| 4:06 | Create | Villager (Male) |
| 4:06 | Create | Villager (Male) |
| 4:28 | Create | Villager (Male) |
| 4:38 | Build | Mill |
| 4:48 | Build | House |
| 5:12 | Build | Lumber Camp |
| 5:14 | Create | Villager (Male) |
| 5:14 | Create | Villager (Male) |
| 5:20 | Build | House |
| 5:59 | Create | Villager (Male) |
| 6:16 | Create | Villager (Male) |
| 7:06 | Create | Villager (Male) |
| 7:07 | Create | Villager (Male) |
| 8:30 | Build | Barracks |
| 9:29 | Build | Lumber Camp |
| 9:59 | Research | Feudal Age |
| 11:57 | Create | Villager (Male) |
| 11:57 | Create | Villager (Male) |
| 11:57 | Create | Villager (Male) |
| 11:57 | Create | Villager (Male) |
| 11:58 | Create | Villager (Male) |
| 12:09 | Age | Feudal Age |
| 12:17 | Research | Horse Collar |
| 12:21 | Research | Double-Bit Axe |
| 12:24 | Build | Farm |
| 12:25 | Build | Farm |
| 12:27 | Build | Farm |
| 12:28 | Build | Farm |
| 12:29 | Build | Farm |
| 12:31 | Build | Farm |
| 12:32 | Build | Farm |
| 12:41 | Build | Mining Camp |
| 12:54 | Research | Man-at-Arms (upgrade) |
| 14:00 | Build | Archery Range |
| 14:09 | Create | Villager (Male) |
| 14:27 | Create | Militia |
| 14:28 | Create | Militia |
| 14:35 | Create | Villager (Male) |
| 14:38 | Research | Gold Mining |
| 14:46 | Create | Villager (Male) |
| 15:07 | Build | Stable |
| 15:19 | Create | Villager (Male) |
| 15:21 | Create | Militia |
| 15:22 | Create | Militia |
| 15:37 | Build | House |
| 15:39 | Build | House |
| 15:44 | Build | House |
| 16:14 | Research | Bloodlines |
| 16:30 | Build | Watch Tower |
| 17:21 | Build | Blacksmith |
| 17:32 | Build | Lumber Camp |
| 17:36 | Create | Militia |
| 17:36 | Create | Militia |
| 17:41 | Create | Scout Cavalry |
| 17:41 | Create | Scout Cavalry |
| 17:41 | Create | Scout Cavalry |
| 17:42 | Create | Scout Cavalry |
| 18:40 | Create | Militia |
| 18:40 | Create | Militia |
| 18:40 | Create | Militia |
| 19:00 | Build | Farm |
| 19:14 | Create | Scout Cavalry |
| 19:14 | Create | Scout Cavalry |
| 19:35 | Build | Barracks |
| 19:54 | Research | Forging |
| 19:57 | Create | Militia |
| 19:58 | Create | Militia |
| 20:40 | Create | Militia |
| 20:40 | Create | Militia |
| 20:40 | Create | Militia |
| 21:18 | Research | Scale Mail Armor |
| 21:40 | Build | Farm |
| 21:42 | Build | Farm |
| 21:43 | Build | Farm |
| 21:45 | Create | Villager (Male) |
| 21:46 | Create | Villager (Male) |
| 22:09 | Create | Militia |
| 22:10 | Create | Militia |
| 22:56 | Create | Militia |
| 22:56 | Create | Militia |
| 22:56 | Create | Militia |
| 22:56 | Create | Militia |
| 23:06 | Build | Farm |
| 23:30 | Create | Scout Cavalry |
| 24:18 | Create | Militia |
| 24:18 | Create | Militia |
| 24:37 | Create | Militia |
| 24:37 | Create | Militia |
| 25:16 | Build | House |
| 25:17 | Build | House |
| 25:40 | Create | Villager (Male) |
| 25:40 | Create | Villager (Male) |
| 25:41 | Create | Villager (Male) |
| 25:41 | Create | Villager (Male) |
| 26:10 | Build | House |
| 26:42 | Create | Scout Cavalry |
| 26:43 | Create | Scout Cavalry |
| 26:43 | Create | Scout Cavalry |
| 26:46 | Create | Militia |
| 26:47 | Create | Militia |
| 26:52 | Build | Farm |
| 27:00 | Build | House |
| 27:14 | Build | Farm |
| 27:38 | Build | House |
| 27:46 | Build | Farm |
| 28:32 | Create | Militia |
| 28:32 | Create | Militia |
| 28:32 | Create | Militia |
| 28:33 | Create | Militia |
| 28:33 | Create | Militia |
| 28:38 | Create | Scout Cavalry |
| 28:38 | Create | Scout Cavalry |
| 28:38 | Create | Scout Cavalry |
| 29:08 | Create | Villager (Male) |
| 29:09 | Create | Villager (Male) |
| 29:55 | Build | Farm |
| 30:25 | Create | Militia |
| 30:25 | Create | Militia |
| 30:26 | Create | Militia |
| 30:26 | Create | Militia |
| 30:26 | Create | Militia |
| 30:30 | Create | Scout Cavalry |
| 30:30 | Create | Scout Cavalry |
| 30:30 | Create | Scout Cavalry |
| 31:32 | Build | Farm |
| 32:25 | Create | Militia |
| 32:26 | Create | Militia |
| 32:26 | Create | Militia |
| 32:38 | Create | Scout Cavalry |
| 33:13 | Build | Farm |
| 34:19 | Create | Militia |
| 34:19 | Create | Militia |
| 34:36 | Build | Market |
| 36:02 | Research | Castle Age |
| 36:13 | Create | Militia |
| 36:13 | Create | Militia |
| 36:14 | Create | Militia |
Match timeline
| 8:30 | tall_eric · first_building Barracks |
| 10:17 | Invisible Beard · first_building Barracks |
| 12:09 | tall_eric · age_up feudal |
| 13:31 | Invisible Beard · age_up feudal |
| 14:00 | tall_eric · first_building Archery Range |
| 15:07 | tall_eric · first_building Stable |
| 23:37 | Invisible Beard · first_building Archery Range |
| 24:25 | Invisible Beard · first_building Stable |
| 34:47 | Invisible Beard · age_up castle |
| 36:00 | tall_eric · first_market_buy 100 food |
| 36:13 | Invisible Beard · first_building Monastery |
| 38:42 | tall_eric · age_up castle |
| 42:20 | Invisible Beard · first_building Siege Workshop |
| 48:57 | tall_eric · resign |
[ AI ANALYSIS · 1 CREDIT ]
What really happened in this match?
Wolo.gg analyzes every decision: build order, eco, micro, common mistakes by bracket. Personalized analysis on WhatsApp or Discord in 30 seconds.
Civ guide
Japanese
Map guide
Arabia
Perfil
Jugador #408035